Map: Zen LE

Players

tyty (TY)

  • Race: Terran Terran
  • Spawn Location: 7:00

MaSa - Winner!

  • Race: Terran Terran
  • Spawn Location: 1:00

VOD

Have the link to the VOD?

Description

Time

  • Played on: Jan. 7, 2020, 6:25 p.m.
  • Length: 17:51
Show
View Real Time Build Order
Export as new Build Order

tyty Terran 

Build Orders: 1/1/1, Liberator Opening, Mech 

Get SALT Encoding   

  12  0:01  SCV  
  13  0:13  SCV  
  14  0:20  Supply Depot  
  14  0:25  SCV  
  15  0:29  Refinery  
  15  0:42  SCV  
  16  0:46  Barracks  
  16  0:54  SCV  
  17  0:57  Refinery  
  17  1:06  SCV  
  18  1:18  SCV  
  20  1:33  Factory  
  20  1:34  Orbital Command  
  20  1:37  Reaper  
  20  1:50  Supply Depot  
  20  2:00  SCV  
  21  2:09  Reaper  
  21  2:12  SCV  
  23  2:18  Starport  
  23  2:21  Hellion  
  25  2:24  SCV  
  26  2:36  SCV, Supply Depot  
  27  2:41  Reaper  
  27  2:43  Hellion  
  30  2:48  SCV  
  30  2:52  Starport  
  30  3:00  SCV  
  30  3:04  Hellion  
  33  3:12  SCV, Liberator  
  34  3:13  Reaper  
  34  3:17  Supply Depot  
  36  3:32  SCV  
  39  3:46  Command Center  
  35  3:53  Reaper  
  35  3:54  Hellion  
  35  3:55  SCV  
  39  4:07  SCV  
  38  4:15  Starport Tech Lab  
  38  4:16  Hellion  
  39  4:19  SCV  
  40  4:25  Barracks Tech Lab  
  41  4:31  SCV  
  41  4:32  Supply Depot  
  41  4:35  Raven  
  43  4:43  SCV  
  44  4:55  SCV, Cyclone  
  42  5:05  Orbital Command  
  41  5:07  SCV  
  40  5:18  Raven  
  40  5:19  SCV  
  43  5:27  Cyclone  
  44  5:31  SCV  
  44  5:32  SCV  
  46  5:38  Refinery  
  46  5:44  SCV x2  
  48  5:56  SCV x2  
  50  5:59  Cyclone  
  53  6:08  SCV  
  53  6:10  SCV  
  53  6:20  SCV, Raven, Command Center  
  56  6:28  SCV  
  56  6:32  SCV  
  58  6:38  Supply Depot, Barracks Reactor  
  61  6:40  SCV  
  61  6:41  Siege Tank  
  61  6:44  SCV  
  61  6:46  Refinery  
  63  6:53  SCV  
  64  6:56  SCV  
  65  7:05  SCV  
  66  7:08  SCV  
  67  7:15  Siege Tank  
  67  7:16  Marine x2  
  67  7:17  SCV  
  67  7:20  SCV, Starport Reactor  
  74  7:29  SCV  
  75  7:32  SCV  
  75  7:35  Marine  
  75  7:36  Marine  
  75  7:40  Orbital Command  
  75  7:41  SCV  
  75  7:45  SCV  
  75  7:48  Siege Tank  
  79  7:53  SCV  
  79  7:55  Factory  
  79  7:56  Factory  
  79  7:57  Marine x2, SCV  
  81  7:58  Viking x2  
  81  8:05  SCV  
  86  8:07  SCV, Bunker  
  86  8:09  SCV  
  86  8:10  Refinery  
  88  8:17  SCV  
  88  8:19  SCV  
  90  8:22  Armory x2  
  91  8:28  Viking  
  91  8:31  Refinery  
  93  8:35  Supply Depot  
  93  8:36  SCV x2  
  93  8:38  SCV  
  94  8:42  Siege Tank  
  97  8:49  Siege Tank  
  97  8:55  SCV x2  
  101  8:58  Hellion x2  
  105  9:04  SCV  
  105  9:05  Engineering Bay  
  105  9:06  Viking  
  108  9:10  SCV  
  108  9:12  SCV  
  108  9:13  Supply Depot  
  109  9:25  Terran Vehicle And Ship Armor Level 1, Terran Vehicle Weapons Level 1  
  109  9:32  Supply Depot x4  
  109  9:35  Viking, Siege Tank  
  109  9:36  Sensor Tower  
  114  9:44  Hellion  
  116  9:47  Supply Depot  
  116  9:49  SCV  
  117  9:54  Hellion  
  115  10:10  Viking x2  
  115  10:12  SCV x2  
  113  10:17  Siege Tank x2  
  113  10:20  SCV  
  120  10:25  Supply Depot x2, Hellion x2  
  120  10:26  Factory  
  120  10:27  Factory  
  124  10:37  Infernal Pre-Igniter  
  126  10:46  Command Center  
  126  10:49  Siege Tank x2  
  131  10:50  SCV x3  
  131  10:52  Starport Reactor, Hellion x2  
  137  10:58  Missile Turret  
  137  11:04  Command Center  
  137  11:14  Hellion x2  
  137  11:17  Factory Tech Lab  
  137  11:18  Missile Turret  
  141  11:20  Terran Vehicle Weapons Level 2, Terran Vehicle And Ship Armor Level 2  
  141  11:22  Siege Tank  
  141  11:23  Siege Tank  
  147  11:30  Hellion x2  
  147  11:32  Viking x2  
  155  11:39  Mag-Field Accelerator  
  155  11:43  Hellion x2  
  159  11:48  Siege Tank  
  159  11:51  SCV x2  
  164  11:55  Siege Tank  
  167  12:02  Viking x2  
  171  12:10  Hellion x4  
  163  12:15  SCV x2  
  163  12:16  SCV  
  165  12:25  Siege Tank x2  
  165  12:27  Hellion  
  165  12:29  SCV  
  173  12:30  SCV x2  
  173  12:31  Hellion  
  178  12:39  Sensor Tower  
  180  12:44  Orbital Command  
  180  12:47  Sensor Tower, Planetary Fortress  
  172  13:01  SCV  
  172  13:03  SCV  
  165  13:08  Factory Reactor  
  161  13:15  SCV  
  143  13:20  Starport Reactor  
  143  13:21  Cyclone x3  
  143  13:22  Hellion x2  
  136  13:27  SCV  
  136  13:31  Command Center  
  137  13:37  SCV  
  137  13:39  SCV  
  139  13:43  Marine  
  139  13:44  Hellion  
  144  13:49  SCV  
  144  13:50  Hellion x2  
  144  13:51  SCV  
  149  13:59  Orbital Command  
  149  14:01  SCV  
  150  14:03  SCV  
  150  14:08  Refinery x2  
  153  14:13  SCV  
  153  14:15  SCV  
  155  14:25  SCV  
  155  14:27  Missile Turret, Siege Tank  
  155  14:28  SCV  
  151  14:32  Hellion  
  138  14:40  Siege Tank  
  138  14:41  SCV  
  138  14:42  SCV  
  138  14:44  Factory Tech Lab  
  138  14:45  SCV  
  139  14:47  Missile Turret  
  139  14:49  Missile Turret  
  136  14:54  SCV  
  136  14:55  Hellion x2  
  136  14:57  SCV x2  
  140  15:04  SCV  
  140  15:06  SCV  
  140  15:07  Siege Tank  
  140  15:09  SCV  
  140  15:10  Missile Turret  
  140  15:11  Missile Turret  
  151  15:16  SCV  
  151  15:25  Hellion x2  
  158  15:29  SCV  
  158  15:32  Starport, Thor  
  158  15:33  Thor  
  162  15:37  Supply Depot  
  162  15:41  SCV  
  163  15:46  Thor  
  163  15:49  Thor  
  160  15:54  Hellion x2  
  160  15:55  SCV  
  160  15:56  SCV  
  147  16:03  SCV  
  144  16:07  SCV  
  144  16:08  SCV  
  146  16:15  SCV  
  147  16:21  Missile Turret  
  147  16:22  Missile Turret  
  142  16:34  Supply Depot  
  142  16:37  Supply Depot  
  142  16:38  Supply Depot x2  
  142  16:41  Missile Turret  
  142  16:42  Missile Turret  
  142  16:43  Starport  
  142  16:50  Missile Turret  
  142  16:52  Missile Turret  
  142  16:58  Siege Tank x2  
  142  16:59  Siege Tank  
  142  17:00  Siege Tank  
  152  17:21  SCV x2  
  135  17:23  Starport Reactor  
  133  17:35  SCV x2  
  136  17:48  Command Center  
Show
View Real Time Build Order
Export as new Build Order

MaSa Terran - Winner!

Build Orders: Liberator Opening 

Get SALT Encoding   

  12  0:00  SCV  
  13  0:12  SCV  
  14  0:17  Supply Depot  
  14  0:25  SCV  
  15  0:28  Refinery  
  15  0:38  SCV  
  16  0:45  Barracks  
  16  0:50  SCV  
  16  0:55  Refinery  
  17  1:03  SCV  
  18  1:15  SCV  
  19  1:31  Orbital Command  
  19  1:32  Factory  
  19  1:34  Reaper  
  20  1:43  Supply Depot  
  20  1:57  SCV  
  21  2:06  Reaper  
  22  2:10  SCV  
  23  2:17  Hellion  
  25  2:23  Command Center  
  25  2:24  SCV  
  26  2:33  Starport  
  26  2:36  SCV  
  27  2:40  Barracks Reactor  
  27  2:44  Factory Tech Lab  
  27  2:48  SCV  
  28  3:00  SCV  
  29  3:10  Supply Depot  
  29  3:12  SCV  
  30  3:14  Liberator  
  30  3:19  Marine  
  30  3:26  Refinery  
  31  3:28  Marine  
  31  3:31  SCV, Cyclone  
  38  3:37  Marine  
  39  3:44  SCV  
  39  3:46  Marine  
  37  3:55  Marine  
  34  3:56  SCV  
  36  4:04  Marine  
  36  4:08  SCV  
  37  4:13  Marine  
  37  4:15  Cyclone  
  37  4:16  Orbital Command  
  41  4:20  SCV  
  41  4:22  Marine  
  43  4:25  Starport Tech Lab  
  43  4:31  Marine  
  44  4:32  SCV  
  45  4:40  Marine  
  45  4:43  Raven  
  45  4:44  SCV x2  
  50  4:47  Command Center  
  50  4:56  SCV x2  
  47  5:08  SCV x2  
  47  5:09  Marine x2  
  51  5:20  SCV x2  
  53  5:27  Raven, Marine x2  
  54  5:35  Supply Depot  
  54  5:53  Factory Reactor, Barracks  
  54  5:56  Barracks  
  54  5:57  Marine, SCV x2  
  57  6:05  Stimpack, Orbital Command  
  57  6:09  SCV x2  
  59  6:17  Marine  
  60  6:19  Supply Depot  
  60  6:21  SCV x2  
  62  6:27  Refinery  
  62  6:33  SCV x2  
  62  6:37  Marine  
  65  6:43  Engineering Bay  
  65  6:44  Engineering Bay  
  65  6:45  SCV x2  
  65  6:46  Marine x2  
  69  6:47  Barracks Reactor  
  69  6:50  Viking  
  71  6:55  Viking  
  71  6:57  SCV x2  
  71  6:59  SCV  
  76  7:01  Marine  
  76  7:07  Siege Tank  
  80  7:09  SCV x2  
  80  7:11  SCV  
  80  7:14  Supply Depot  
  83  7:16  Supply Depot  
  83  7:19  Supply Depot  
  83  7:22  SCV x2  
  85  7:29  SCV  
  85  7:36  SCV  
  80  7:37  SCV  
  80  7:39  Siege Tank  
  80  7:42  Marine x5  
  89  7:48  SCV  
  89  7:49  Viking, Orbital Command  
  92  7:53  SCV  
  90  8:00  Marine x3, SCV, Combat Shield  
  90  8:02  Barracks  
  90  8:03  Barracks  
  90  8:05  SCV  
  95  8:07  Marine  
  95  8:10  Refinery  
  95  8:11  Refinery  
  95  8:12  SCV  
  97  8:14  Terran Infantry Weapons Level 1  
  97  8:15  Terran Infantry Armor Level 1  
  97  8:17  SCV x2  
  99  8:20  Siege Tank  
  99  8:24  SCV  
  99  8:25  Viking  
  105  8:29  SCV x2  
  105  8:31  Supply Depot  
  107  8:36  SCV  
  107  8:40  Supply Depot  
  107  8:41  SCV, Supply Depot  
  109  8:42  Supply Depot  
  109  8:48  Supply Depot  
  109  8:49  Marine  
  109  8:50  Marine  
  109  8:51  Marine  
  109  8:53  Marine, Viking, Siege Tank  
  109  8:55  SCV  
  116  8:56  SCV  
  116  9:02  SCV  
  118  9:04  Viking  
  118  9:07  Barracks Tech Lab x2  
  118  9:08  SCV x2  
  122  9:21  Marine x2  
  122  9:22  Marine x3  
  122  9:23  SCV  
  124  9:25  Viking, Siege Tank  
  124  9:27  SCV  
  124  9:28  SCV  
  124  9:29  Marine x2  
  133  9:33  Missile Turret  
  133  9:37  SCV, Armory  
  134  9:39  Marine  
  134  9:40  Viking  
  134  9:43  Marine  
  138  9:54  SCV  
  138  9:55  Marine, Viking  
  138  9:56  Concussive Shells, Marauder  
  138  9:57  SCV  
  145  10:03  Marine x5  
  130  10:10  Viking  
  130  10:12  SCV, Marine  
  130  10:13  SCV  
  125  10:14  Siege Tank  
  125  10:16  Marine  
  125  10:21  Marine x3  
  126  10:22  Marauder  
  126  10:28  Marine  
  132  10:30  Medivac  
  134  10:36  Supply Depot x2, Command Center  
  134  10:37  Terran Infantry Weapons Level 2  
  134  10:42  Terran Infantry Armor Level 2  
  134  10:46  Medivac  
  136  10:53  Siege Tank  
  136  10:54  Marine  
  136  10:55  Marauder x2  
  144  10:59  Medivac, Terran Vehicle Weapons Level 1  
  144  11:00  SCV x2  
  144  11:01  SCV  
  149  11:05  Marine, Marauder  
  149  11:06  Marine  
  149  11:09  Marine  
  154  11:16  Medivac, Marauder x2  
  160  11:22  Supply Depot  
  160  11:23  Supply Depot x2  
  159  11:29  Marine, Medivac, Marauder  
  162  11:33  Siege Tank  
  162  11:37  Marine  
  162  11:38  Command Center  
  165  11:44  Supply Depot, Marauder  
  165  11:45  Supply Depot  
  167  11:50  Medivac  
  167  11:51  Barracks x2  
  167  11:52  Barracks  
  169  11:59  Medivac, Planetary Fortress  
  170  12:03  Marine x2  
  170  12:04  Marine x2, Marauder  
  170  12:05  Marauder  
  177  12:10  Marauder  
  179  12:21  Marine x2  
  181  12:24  Marine  
  181  12:25  Marauder  
  181  12:26  Marauder  
  181  12:28  Marine  
  181  12:31  Marauder  
  183  12:38  Marine x2  
  183  12:39  Marine x2  
  183  12:42  Marine x2  
  189  12:46  Marine, Marauder  
  189  12:48  Marauder  
  194  12:52  Marauder  
  194  12:55  Marine  
  194  12:56  Marine  
  198  13:03  Medivac x2  
  188  13:06  Marine  
  188  13:08  Marauder  
  188  13:09  Marauder  
  188  13:10  Marine  
  181  13:14  Marauder  
  181  13:18  Marine  
  172  13:23  Terran Infantry Weapons Level 3  
  172  13:26  Terran Infantry Armor Level 3  
  157  13:28  Marine  
  157  13:29  Marauder  
  157  13:30  Marauder  
  144  13:35  Marauder  
  144  13:37  Medivac  
  144  13:38  Medivac  
  144  13:39  Marine  
  151  13:41  Planetary Fortress  
  151  13:43  SCV  
  152  13:50  Marauder  
  152  13:52  Marine, Marauder  
  152  13:53  Marine x2  
  152  13:54  Siege Tank  
  163  13:57  Marauder  
  163  14:01  Marine  
  167  14:04  Barracks Reactor, Barracks Tech Lab x2  
  165  14:10  Marine x2  
  165  14:12  Marauder  
  165  14:13  Marine, Marauder  
  172  14:18  Marauder  
  172  14:19  Marine  
  175  14:26  Siege Tank  
  175  14:28  Marine x2, Medivac x2, Marauder x2  
  175  14:31  Marine  
  186  14:33  Marauder  
  186  14:34  Marauder  
  186  14:37  Marine  
  189  14:39  Marauder  
  189  14:41  Marine x2  
  175  14:46  Marine x2  
  175  14:49  Marine, Marauder x2  
  166  14:54  Marine  
  166  14:55  Marauder  
  166  14:56  Marauder  
  166  14:59  Siege Tank  
  169  15:01  Marine, Marauder  
  169  15:04  Medivac x2  
  166  15:08  Marine x2  
  166  15:11  Marauder x2  
  172  15:16  Marauder  
  172  15:17  Marauder  
  172  15:19  Marine  
  172  15:20  Marine x2  
  165  15:22  Marauder  
  165  15:23  Marine  
  165  15:24  SCV, Command Center  
  165  15:26  Marine x2  
  171  15:31  Siege Tank  
  171  15:32  Marauder x2  
  171  15:34  Medivac x2  
  171  15:35  Command Center  
  182  15:37  Marauder  
  182  15:39  Marine, Marauder  
  182  15:40  Marine  
  188  15:43  Marauder  
  170  15:54  Marauder x2  
  166  15:59  Marauder  
  166  16:00  Marine x2, Marauder  
  166  16:02  Marine x2  
  166  16:03  Siege Tank  
  166  16:04  Medivac x2  
  177  16:05  Marauder  
  178  16:15  Marauder x2  
  179  16:18  Marine x2  
  179  16:20  Marauder  
  179  16:21  Marauder  
  171  16:26  Marauder  
  171  16:27  Marine x2  
  171  16:28  Marine x2  
  172  16:34  Medivac x2  
  172  16:35  Siege Tank  
  172  16:36  Marine x2, Marauder x2  
  185  16:41  Marauder  
  185  16:43  Marauder  
  185  16:45  Marine, Orbital Command  
  190  16:47  Command Center  
  190  16:48  Marauder  
  192  16:57  Marine  
  192  16:58  Marine x3, Marauder x2  
  200  17:04  Marauder  
  198  17:17  Marine  
  198  17:18  Marauder x2  
  174  17:23  Marine x5, Marauder x2  
  174  17:25  Marine  
Tags
 
Add a new tag
Caveats
  • Supply blocks, unpowered buildings, or Contaminate may cause inaccurate times.
  • Supply counts are checked every 10 seconds.